 Dungeon Crawl Stone Soup version 0.27.1-33-g824d729ab1 (webtiles) character file.

Game seed: 5138750357480506777

3053 Fortus the Cleaver (level 9, -4/70 HPs)
             Began as a Hill Orc Fighter on Dec 13, 2021.
             Killed by divine providence
             ... invoked by a meliai
              (12 damage)
             ... on level 11 of the Dungeon.
             The game lasted 00:13:05 (6185 turns).

Fortus the Cleaver (Hill Orc Fighter)               Turns: 6185, Time: 00:13:06

Health: -4/70      AC: 14    Str: 22    XL:     9   Next: 87%
Magic:  9/9        EV:  8    Int: 11    God:
Gold:   279        SH: 11    Dex: 10    Spells: 8/8 levels left

rFire    . . .     SeeInvis .   a - +0 war axe
rCold    . . .     Faith    .   c - +0 kite shield
rNeg     . . .     Spirit   .   b - +0 scale mail
rPois    .         Reflect  .   k - +0 helmet {Int+3}
rElec    .         Harm     .   s - +1 cloak
rCorr    .         Rampage  .   (no gloves)
Will     +....                  (no boots)
Stlth    ..........             g - amulet of regeneration
HPRegen  1.21/turn              u - ring of willpower
MPRegen  0.11/turn              B - +4 ring of protection

@: lethally poisoned (-4 -> -5)
A: no striking features
a: no special abilities


You were on level 11 of the Dungeon.
You visited 1 branch of the dungeon, and saw 9 of its levels.

You collected 279 gold pieces.

Inventory:

Hand Weapons
 a - a +0 war axe (weapon)
Armour
 b - a +0 scale mail (worn)
 c - a +0 kite shield (worn)
 k - a +0 helmet of intelligence (worn)
 s - a +1 cloak (worn)
 x - a +0 plate armour
Jewellery
 g - an amulet of regeneration (around neck)
 t - an amulet of the acrobat
 u - a ring of willpower (left hand)
 B - a +4 ring of protection (right hand)
Scrolls
 d - a scroll of enchant weapon {unknown}
 e - 3 scrolls of teleportation {unknown}
 f - 6 scrolls of identify {unknown}
 i - 3 scrolls of enchant armour {unknown}
 j - a scroll of vulnerability {unknown}
 q - a scroll of fear {unknown}
 r - 2 scrolls of fog {unknown}
 v - a scroll of blinking {unknown}
 y - a scroll of immolation {unknown}
 A - 2 scrolls of magic mapping {unknown}
Potions
 h - 4 potions of curing {unknown}
 l - a potion of mutation {unknown}
 m - a potion of degeneration {unknown}
 n - 3 potions of haste {unknown}
 o - a potion of attraction {unknown}
 p - 2 potions of lignification {unknown}
 w - a potion of heal wounds {unknown}
 z - a potion of ambrosia {unknown}
 C - a potion of resistance {unknown}


   Skills:
 - Level 3.6 Fighting
 * Level 14.9 Axes
 - Level 3.2 Armour
 + Level 7.4 Shields


You had 8 spell levels left.
You didn't know any spells.
Your spell library contained the following spells:

 Spells                   Type           Power      Damage    Failure   Level
 Magic Dart               Conj           0%         1d3       94%         1
 Ozocubu's Armour         Ice            0%         N/A       100%        3
 Fulminant Prism          Conj/Hex       0%         3d6       100%        4
 Iskenderun's Mystic Bla  Conj/Tloc      0%         2d3       100%        4
 Lee's Rapid Deconstruct  Erth           0%         3d5*      100%        5
 Metabolic Englaciation   Hex/Ice        0%         N/A       100%        5
 Simulacrum               Ice/Necr       0%         N/A       100%        6


Dungeon Overview and Level Annotations

Branches:
Dungeon (8/15)             Temple (0/1) D:7
   Lair: D:8-11

Altars:
Cheibriados
Dithmenos
Fedhas
Gozag
Hepliaklqana
Kikubaaqudgha
Nemelex Xobeh
Ru
Sif Muna
Vehumet
Wu Jian
Yredelemnul

Shops:
D:6 [

Annotations:
D:8 Erica


Message History

The meliai invokes the aid of its god against you.
Something smites you! The meliai hits you but does no damage.
The meliai closely misses you. You block the meliai's attack.
The meliai stings you but does no damage.
You hit the meliai but do no damage. You block the meliai's attack.
The meliai stings you but does no damage.
The meliai hits you with a +0 hand axe. You block the meliai's attack.
You miss the meliai. The meliai hits you but does no damage.
The meliai stings you but does no damage.
You block the meliai's attack. The meliai stings you.
You barely miss the meliai. The meliai barely misses you.
The meliai stings you.
You slash the meliai!
The meliai is heavily wounded.
You block the meliai's attack. x2; The meliai hits you but does no damage.
The meliai stings you.
You miss the meliai.
The meliai is heavily wounded.
The meliai hits you but does no damage. The meliai stings you.
You are poisoned.
The meliai poisons you! The meliai hits you but does no damage.
The meliai closely misses you.
You closely miss the meliai.
The meliai is heavily wounded.
You feel very sick. The meliai hits you with a +0 hand axe.
The meliai stings you! The meliai hits you with a +0 hand axe.
You block the meliai's attack.
You hit the meliai.
The meliai is heavily wounded.
You feel sick. You block the meliai's attack. The meliai closely misses you.
The meliai hits you with a +0 hand axe!
* * * LOW HITPOINT WARNING * * *
You block the meliai's attack.
You closely miss the meliai.
The meliai is heavily wounded.
You feel sick.
The meliai invokes the aid of its god against you.
Something smites you!
You die...

#..[......$
#..........
.....#....
.........#
.........#
.......
#...# #...#
#.@.#
##y###
#...# #...#
#...# #...#
#.....#
#.....#
.......#


You could see a meliai.

Vanquished Creatures
  A wraith (D:6)
  Sigmund (D:6)
  Eustachio (D:4)
  2 water moccasins
  An orc warrior (D:6)
  5 ice beasts
  2 ogres
  2 necrophages (D:4)
  A centaur (D:5)
  A bullfrog (D:7)
  4 scorpions (D:5)
  2 wyvern skeletons (D:6)
  2 water moccasin skeletons (D:5)
  5 wights (D:8)
  3 howler monkeys
  2 centaur zombies (D:5)
  2 jellies (D:6)
  2 hounds
  3 iguanas
  2 bullfrog skeletons
  Terence (D:2)
  2 orc wizards
  A killer bee zombie (D:5)
  A hound zombie (D:5)
  A hound skeleton (D:5)
  Robin (D:2)
  A howler monkey zombie (D:5)
  5 adders
  A white imp (D:5)
  A worm (D:5)
  An adder zombie (D:5)
  10 dart slugs
  8 orcs
  8 ball pythons
  3 endoplasms
  6 giant cockroaches
  11 goblins
  5 hobgoblins
  4 jackals (D:4)
  10 kobolds
  3 quokkas
  6 bats
  3 frilled lizards
  3 rats
140 creatures vanquished.

Vanquished Creatures (others)
  2 withered plants (D:5)
2 creatures vanquished.

Grand Total: 142 creatures vanquished

Notes
Turn   | Place    | Note
-------+----------+-------------------------------------------
     0 | D:1      | Fortus the Hill Orc Fighter began the quest for the Orb.
     0 | D:1      | Reached XP level 1. HP: 19/19 MP: 1/1
    74 | D:1      | Reached skill level 3 in Axes
   105 | D:1      | Reached XP level 2. HP: 26/26 MP: 2/2
   266 | D:1      | Reached skill level 4 in Axes
   706 | D:1      | Reached XP level 3. HP: 31/31 MP: 3/3
  1002 | D:2      | Reached skill level 5 in Axes
  1032 | D:2      | Noticed Robin
  1044 | D:2      | Killed Robin
  1045 | D:2      | Reached XP level 4. HP: 28/39 MP: 4/4
  1082 | D:2      | Reached skill level 6 in Axes
  1287 | D:2      | Noticed Terence
  1308 | D:2      | Killed Terence
  1557 | D:3      | Reached skill level 7 in Axes
  1557 | D:3      | Reached XP level 5. HP: 45/45 MP: 5/5
  1685 | D:3      | Noticed an ice beast
  1698 | D:3      | Killed an ice beast
  1699 | D:3      | Reached skill level 8 in Axes
  1699 | D:3      | Reached XP level 6. HP: 51/51 MP: 6/6
  1822 | D:3      | Found a faded altar of an unknown god.
  2294 | D:4      | HP: 1/51 [ogre (20)]
  2296 | D:4      | Reached skill level 9 in Axes
  2300 | D:4      | HP: 1/51 [kobold (5)]
  2527 | D:4      | Noticed a necrophage
  2538 | D:4      | Killed a necrophage
  2539 | D:4      | Reached skill level 10 in Axes
  2539 | D:4      | Reached XP level 7. HP: 55/57 MP: 7/7
  2593 | D:4      | Noticed Eustachio
  2642 | D:4      | Killed Eustachio
  2643 | D:4      | Reached skill level 11 in Axes
  2723 | D:4      | Found a hazy altar of Hepliaklqana.
  2869 | D:4      | Found an opulent altar of Gozag.
  3271 | D:5      | Entered Level 5 of the Dungeon
  3364 | D:5      | Reached XP level 8. HP: 64/64 MP: 8/8
  3519 | D:5      | Reached skill level 12 in Axes
  3583 | D:5      | Reached skill level 5 in Shields
  3981 | D:5      | Reached skill level 13 in Axes
  3990 | D:5      | Reached XP level 9. HP: 46/70 MP: 9/9
  4168 | D:6      | Found a sparkling altar of Nemelex Xobeh.
  4704 | D:6      | Found an ornate altar of the Wu Jian Council.
  4740 | D:6      | Found Xaustree's Antique Armour Boutique.
  4790 | D:6      | Found an ancient bone altar of Kikubaaqudgha.
  4796 | D:6      | Found a shimmering blue altar of Sif Muna.
  4798 | D:6      | Found a radiant altar of Vehumet.
  4803 | D:6      | Got Vehumet's Compendium of Conjuration
  4831 | D:6      | Found a sacrificial altar of Ru.
  4841 | D:6      | Found a shadowy altar of Dithmenos.
  4916 | D:6      | Noticed Sigmund
  4925 | D:6      | Killed Sigmund
  4926 | D:6      | Reached skill level 14 in Axes
  5381 | D:7      | Found a staircase to the Ecumenical Temple.
  5658 | D:7      | Found a snail-covered altar of Cheibriados.
  5662 | D:7      | Found a basalt altar of Yredelemnul.
  5885 | D:7      | Found a blossoming altar of Fedhas.
  6161 | D:8      | Noticed Erica
  6163 | D:8      | You fall into a shaft and drop 3 floors!
  6170 | D:11     | Noticed a meliai
  6185 | D:11     | Killed from afar by a meliai

Illustrated notes

Levels and vault maps discovered:
D:1:      onia_arrival_mini_maze, layout_basic, minmay_pentomino_p2
D:2:      layout_rooms, uniq_terence, uniq_robin
D:3:      layout_basic, shapermc_ecumenical_altar_totnotflames
D:4:      layout_rooms, nzn_hepliaklqana_mist_gate, old_standard_altar,
          serial_co_window_serial, co_window_paths_a, co_window_paths_a,
          co_window_corner_a, co_window_corner_a, co_window_paths_a,
          co_window_paths_b, co_window_paths_b, co_window_broadway_c,
          co_window_corner_ca, co_window_unsneaky_path_a, co_window_2corner,
          co_window_2corner, co_window_broadway_a, co_window_corner_ca,
          co_window_paths_e, glass_columns_a, glass_columns_a, uniq_eustachio
D:5:      kennysheep_slugbush, layout_loops_ring, serial_undead,
          serial_undead_e, serial_undead_c, serial_undead_e, serial_undead_f,
          minmay_bent
D:6:      layout_gridville, grunt_temple_overflow_magic_moments,
          nicolae_overflow_quartered_altars, serial_shops, shop_statue,
          minmay_three_doors, uniq_sigmund
D:7:      layout_loops_cross, marbit_many_paths, nicolae_overflow_hidden_temple,
          temple_pool_b
D:8:      layout_layer_cave, uniq_maurice, uniq_erica
D:11:     minmay_box_of_curves, layout_basic, gauntlet_entry_generic,
          nicolae_vehumet_radiance

Skill      XL: |  1  2  3  4  5  6  7  8  9 |
---------------+----------------------------+-----
Axes           | 3 4 5 7 8 10 11 13 14 | 14.9
Shields        | 5 7 |  7.4
Fighting       | |  3.6
Armour         | |  3.2

Action                   |  1- 3 |  4- 6 |  7- 9 || total
-------------------------+-------+-------+-------++-------
Melee: War axe           |    80 |   153 |   361 ||   594
  Use: Potion            |       |     1 |       ||     1
Armor: Scale mail        |    40 |    85 |   190 ||   315
Dodge: Dodged            |    37 |    49 |   117 ||   203
Block: Kite shield       |    51 |    65 |   191 ||   307
